 Dungeon Crawl Stone Soup version 0.30-a0-122-g2a1322497e (webtiles) character file.

Game seed: 10531856445958886222

998 zishaf the Gusty (level 8, 0/48 HPs)
             Began as a Tengu Air Elementalist on Sept 15, 2022.
             Killed by their own static electricity (3 damage)
             ... on level 4 of the Dungeon.
             The game lasted 00:10:16 (5700 turns).

zishaf the Gusty (Tengu Air Elementalist)           Turns: 5700, Time: 00:10:17

Health: 0/48       AC:  0    Str:  9    XL:     8   Next: 19%
Magic:  6/12       EV: 14    Int: 17    God:
Gold:   172        SH:  5    Dex: 15    Spells: 6/11 levels left

rFire   . . .      SeeInvis .    s - +7 Throatcutter {drain, coup de grace}
rCold   . . .      Faith    .    g - +0 buckler
rNeg    . . .      Spirit   .    a - +0 robe
rPois   .          Reflect  .    (helmet restricted)
rElec   .          Harm     .    (no cloak)
rCorr   .          Rampage  .    o - +1 pair of gloves
Will    .....                    (boots unavailable)
Stlth   ++........               (no amulet)
HPRegen 0.16/turn                (no ring)
MPRegen 0.13/turn                (no ring)

@: corroded, flying quickly and evasively, quick
A: beak, talons 3, nimble flight
a: no special abilities


You were on level 4 of the Dungeon.
You visited 1 branch of the dungeon, and saw 4 of its levels.
You also visited: Sewer.

You collected 172 gold pieces.

Inventory:

Hand Weapons
 e - a +0 dagger of venom
 q - a +2 hand axe of venom
 s - the +7 Throatcutter (weapon) {drain, coup de grace}
   (You took it off Terence on level 2 of the Dungeon)

   A truly terrible weapon, it drains the life of any living foe it strikes.
   It may instantly kill foes which have little health.
Armour
 a - a +0 robe (worn)
 g - a +0 buckler (worn)
 l - a +0 kite shield
 o - a +1 pair of gloves (worn)
Jewellery
 k - a ring of fire
Wands
 n - a wand of polymorph (11)
 r - a wand of flame (19)
Scrolls
 c - a scroll of magic mapping
 f - a scroll of amnesia
 h - 2 scrolls of enchant armour
 i - 2 scrolls of butterflies
 t - a scroll of blinking {unknown}
 u - 3 scrolls of summoning {unknown}
Potions
 b - 2 potions of magic
 d - 3 potions of heal wounds
 j - a potion of brilliance
 m - a potion of haste
 p - a potion of flight {unknown}
 v - 2 potions of might {unknown}
 w - 2 potions of cancellation {unknown}


   Skills:
 + Level 3.6 Fighting
 - Level 2.1 Dodging
 - Level 2.0 Stealth
 + Level 3.4 Shields
 - Level 2.2 Spellcasting
 + Level 5.2 Conjurations
 + Level 4.8 Necromancy
 + Level 6.6 Air Magic


You had 6 spell levels left.
You knew the following spells:

 Your Spells              Type           Power      Damage    Failure   Level
a - Shock                 Conj/Air       88%        1d8       2%          1
A - Static Discharge      Conj/Air       44%        3-6/arc   3%          2
B - Sublimation of Blood  Necr           18%        N/A       5%          2

Your spell library contained the following spells:

 Spells                   Type           Power      Damage    Failure   Level
 Swiftness                Air            24%        N/A       4%          3
 Airstrike                Air            12%        2d(2-18)  16%         4
 Blink                    Tloc           2%         N/A       36%         2
 Lesser Beckoning         Tloc           1%         N/A       58%         3
 Irradiate                Conj/Tmut      5%         3d13      93%         5
 Manifold Assault         Tloc           1%         N/A       94%         4
 Petrify                  Tmut/Erth      1%         N/A       94%         4


Dungeon Overview and Level Annotations

Branches:
Dungeon (4/15)              Sewer (visited)
 Temple: D:4-7

Altars:
Kikubaaqudgha
Zin


Innate Abilities, Weirdness & Mutations

You have a beak for a mouth.
You have claws for feet.
Your magical nature lets you fly swiftly and evasively.


Message History

You are frozen.
You barely miss the jelly. You peck the jelly.
The jelly is almost dead.
The jelly hits you. The acid corrodes you!
You are splashed with acid.
The endoplasm freezes you.
You are frozen.
The endoplasm misses you. The jelly hits you.
You are splashed with acid!
* * * LOW HITPOINT WARNING * * *
The hound misses you.
Casting: Shock (safe; 2% risk of failure)
Confirm with . or Enter, or press ? or * to list all spells.
Aiming: Shock (safe; 2% risk of failure)
Press: ? - help, Shift-Dir - straight line
Okay, then.
Casting: Shock (safe; 2% risk of failure)
Confirm with . or Enter, or press ? or * to list all spells.
The hound is struck by an arc of lightning!
The hound is heavily wounded.
Something is struck by an arc of lightning.
You feel a bit more experienced.
The lightning grounds out.
The hound completely misses you.
Casting: Static Discharge (safe; 3% risk of failure)
Confirm with . or Enter, or press ? or * to list all spells.
The hound is struck by an arc of lightning.
The hound is severely wounded.
Something is struck by an arc of lightning.
You feel a bit more experienced.
The endoplasm is struck by an arc of lightning!
You kill the endoplasm!
The lightning grounds out.
The hound bites you.
* * * LOW HITPOINT WARNING * * *
The hound bites you.
* * * LOW HITPOINT WARNING * * *
Unknown command.
Casting: Static Discharge (safe; 3% risk of failure)
Confirm with . or Enter, or press ? or * to list all spells.
The hound is struck by an arc of lightning.
You kill the hound!
You are struck by an arc of lightning.
You die...

*,* *,,****************#.....
*,* *,,* #.#### *,* *,,* #.#
********#####*** #### #.#
,,,,,,,,......,* #..# #.#
,,,,,,,,.....[####..# #.#
,,,,,,,,.......#.#.#########.#
,,,,,,⌠,......††#.#..........#
,,,,,,,,......J#@#.###########
,,,,,,,,......####..#
,,,,,,,,......,* #..#
********#####****####
,,,,,*,,*,,,,,,,,*
*,,,*,,,,***,,,*,*
**,*,,,,*,,,,,,,,*
*****,,,,********* * ****,*


There were no monsters in sight!

Vanquished Creatures
  An ogre (D:4)
  7 kobold brigands (Sewer)
  2 jellies (D:4)
  2 hounds
  Terence (D:2)
  An orc wizard (D:4)
  3 gnolls (D:2)
  9 adders
  5 river rats (Sewer)
  2 white imps
  6 worms
  12 orcs
  11 endoplasms
  7 giant cockroaches
  8 goblins
  6 hobgoblins
  11 kobolds
  4 quokkas
  7 ball pythons
  2 bats
  2 frilled lizards (D:3)
  14 rats
123 creatures vanquished.

Vanquished Creatures (others)
  A human (D:4)
1 creature vanquished.

Grand Total: 124 creatures vanquished

Notes
Turn   | Place    | Note
-------+----------+-------------------------------------------
     0 | D:1      | zishaf the Tengu Air Elementalist began the quest for the
                  | Orb.
     0 | D:1      | Reached XP level 1. HP: 10/10 MP: 4/4
   278 | D:1      | Reached XP level 2. HP: 16/16 MP: 0/6
   338 | D:1      | Found a faded altar of an unknown god.
   544 | D:1      | Learned a level 2 spell: Static Discharge
   547 | D:1      | Learned a level 2 spell: Sublimation of Blood
   746 | D:2      | Noticed Terence
   821 | D:2      | Reached skill level 1 in Fighting
   870 | D:2      | Reached XP level 3. HP: 20/20 MP: 0/7
  1150 | D:2      | Reached skill level 1 in Necromancy
  1908 | D:2      | Reached XP level 4. HP: 25/25 MP: 5/8
  2203 | D:3      | Reached skill level 1 in Shields
  2448 | D:3      | Gained mutation: Your magical nature lets you fly swiftly
                  | and evasively. [Tengu growth]
  2448 | D:3      | Reached XP level 5. HP: 18/30 MP: 2/9
  2453 | D:3      | Found a glowing drain.
  2598 | Sewer    | Entered a sewer
  2732 | Sewer    | Noticed a kobold brigand
  2756 | Sewer    | Killed a kobold brigand
  2757 | Sewer    | Reached skill level 5 in Air Magic
  2939 | Sewer    | Noticed a kobold brigand
  2951 | Sewer    | Killed a kobold brigand
  2952 | Sewer    | Reached XP level 6. HP: 30/35 MP: 2/10
  3335 | Sewer    | Reached XP level 7. HP: 27/40 MP: 1/11
  3995 | Sewer    | Reached skill level 6 in Air Magic
  5181 | D:2      | Killed Terence
  5416 | D:4      | Found an ancient bone altar of Kikubaaqudgha.
  5417 | D:4      | Noticed a human
  5420 | D:4      | Killed a human
  5486 | D:4      | Found a glowing silver altar of Zin.
  5494 | D:4      | Reached XP level 8. HP: 46/46 MP: 12/12
  5532 | D:4      | Reached skill level 5 in Conjurations
  5700 | D:4      | Killed from afar by themself

Illustrated notes

Levels and vault maps discovered:
D:1:      psy_arrival_radial01, layout_basic, ebering_ecumenical_altar_hall
D:2:      layout_rooms, nrook_loot_triangle, wad_orctagon, uniq_terence
D:3:      minmay_chambers_of_threes, layout_basic, gup_sewer_entry_bubbles,
          interstate_on_off
D:4:      layout_loops_ring, tgw_kikubaaqudgha, zin_academy, wad_rectangle_vault

Skill      XL: |  1  2  3  4  5  6  7  8 |
---------------+-------------------------+-----
Conjurations   | 2 3 4 5 |  5.2
Fighting       | 1 2 3 |  3.6
Necromancy     | 1 2 3 4 |  4.8
Shields        | 1 2 3 |  3.4
Air Magic      | 5 6 |  6.6
Dodging        | |  2.1
Stealth        | |  2.0
Spellcasting   | |  2.2

Action                   |  1- 3 |  4- 6 |  7- 9 || total
-------------------------+-------+-------+-------++-------
Melee: Dagger            |     6 |     2 |       ||     8
       Hand axe          |       |    19 |    23 ||    42
       Kick              |       |    11 |    12 ||    23
       Peck              |       |     5 |     8 ||    13
       Long sword        |       |       |    24 ||    24
 Cast: Shock             |    61 |    98 |    91 ||   250
       Static Discharge  |       |     3 |     3 ||     6
       Sublimation of Bl |       |     2 |       ||     2
  Use: Potion            |     2 |       |       ||     2
       Scroll            |       |     6 |     3 ||     9
 Stab: Sleeping          |       |     1 |     1 ||     2
Armor: Robe              |     2 |     5 |     7 ||    14
Dodge: Dodged            |     6 |    19 |    38 ||    63
Block: Buckler           |     5 |     6 |    10 ||    21

Table legend: (Time is in decaauts)
 A = Elapsed time spent in this place.
 B = Non-inter-level travel time spent in this place.
 C = Inter-level travel time spent in this place.
 D = Time resting spent in this place.
 E = Time spent auto-exploring this place.
 F = Levels seen in this place.
 G = Mean time per level.
                   A        B        C        D        E       F      G
               +--------+--------+--------+--------+--------+-----+--------+
         Total |   5593 |   5387 |    206 |    876 |   3469 |   5 | 1118.6 |
       Dungeon |   4104 |   3898 |    206 |    739 |   2318 |   4 | 1026.0 |
         Sewer |   1488 |   1488 |      0 |    137 |   1151 |   1 | 1488.0 |
               +--------+--------+--------+--------+--------+-----+--------+

Top non-repeatable levels by time:
   Sewer: 1488 daAuts
     D:3: 1401 daAuts
     D:2: 1240 daAuts
     D:1: 1097 daAuts
     D:4: 365 daAuts
